TOP OF THE 1ST |
Key West Barracudas batting - Pitching for Wichita Wranglers : LHP Fred Villa
|
Pitching: LHP Fred Villa
|
|
Batting: SHB Rodney Birling
|
0-0: SINGLE (Line Drive, 8RS)
|
Batting: RHB Carlos Bravo
|
0-0: Foul Ball, location: 2F 0-1: Ball 1-1: Foul Ball, location: 2F 1-2: Ball 2-2: Grounds into double play, 5-4-3 (Groundball, 56)
|
Batting: RHB Richard Sanders
|
0-0: Ball 1-0: SINGLE (Line Drive, 8RS)
|
Batting: SHB Héctor Padilla
|
0-0: SINGLE (Groundball, 6D) Richard Sanders to second
|
Batting: SHB Cory Campbell
|
0-0: Ball 1-0: Called Strike 1-1: Foul Ball, location: 2F 1-2: Ball 2-2: Ball 3-2: Strikes out swinging
|
Top of the 1st over - 0 run(s), 3 hit(s), 0 error(s), 2 left on base; Key West 0 - Wichita 0 |
BOTTOM OF THE 1ST |
Wichita Wranglers batting - Pitching for Key West Barracudas : LHP Luis Rodríguez
|
Pitching: LHP Luis Rodríguez
|
|
Batting: RHB Jorge Barbosa
|
0-0: Called Strike 0-1: Ball 1-1: Ball 2-1: Ball 3-1: Called Strike 3-2: Base on Balls
|
Batting: RHB James Stevens
|
0-0: Ball 1-0: Ball 2-0: Ball 3-0: Called Strike 3-1: Base on Balls Jorge Barbosa to second
|
Batting: LHB Alfredo Sánchez
|
0-0: Ball 1-0: Foul Ball, location: 2F 1-1: Foul Ball, location: 2F 1-2: Ball 2-2: DOUBLE (Flyball, 9LD) Jorge Barbosa scores James Stevens to third Runner from 3rd tries for Home, SAFE, throw made home
|
Batting: RHB Tom Gordon
|
0-0: Ball 1-0: Ball 2-0: Ball 3-0: Called Strike 3-1: Base on Balls
|
Batting: RHB José López
|
0-0: Called Strike 0-1: Hit by Pitch Alfredo Sánchez to third Tom Gordon to second
|
Batting: RHB Oliver Todd
|
0-0: Ball 1-0: Foul Ball, location: 2F 1-1: Foul Ball, location: 2F 1-2: Ball 2-2: Ball 3-2: Foul Ball, location: 2F 3-2: Base on Balls Alfredo Sánchez scores Tom Gordon to third José López to second
|
Batting: LHB Richard Hinkle
|
0-0: Fly out, F7 (Flyball, 7LM) Runner from 3rd tags up, SCORES, throw made
|
Batting: RHB Rusty Bennett
|
0-0: Called Strike 0-1: Swinging Strike 0-2: Ball 1-2: Ball 2-2: Ball 3-2: Base on Balls José López to third Oliver Todd to second
|
Batting: SHB Wayne Matthews
|
0-0: Ball 1-0: Called Strike 1-1: Called Strike 1-2: Grounds into fielders choice 1-2 (Groundball, 13S) Oliver Todd to third Rusty Bennett to second
|
Batting: RHB Jorge Barbosa
|
0-0: Called Strike 0-1: Foul Ball, location: 2F 0-2: Ball 1-2: Strikes out swinging
|
Bottom of the 1st over - 4 run(s), 1 hit(s), 0 error(s), 3 left on base; Key West 0 - Wichita 4 |
TOP OF THE 2ND |
Key West Barracudas batting - Pitching for Wichita Wranglers : LHP Fred Villa
|
Batting: LHB Víctor Acevedo
|
0-0: Called Strike 0-1: Swinging Strike 0-2: Ground out 1-3 (Groundball, 13)
|
Batting: RHB Carlos Miranda
|
0-0: Ball 1-0: Ball 2-0: Ball 3-0: Called Strike 3-1: Called Strike 3-2: Foul Ball, location: 2F 3-2: Foul Ball, location: 2F 3-2: Foul Ball, location: 2F 3-2: Foul Ball, location: 2F 3-2: SINGLE (Groundball, 4MS) (infield hit)
|
Batting: LHB Daniel Byrd
|
0-0: Ball 1-0: Ball 2-0: Called Strike 2-1: Called Strike 2-2: Strikes out swinging
|
Batting: RHB Dan Craft
|
0-0: Called Strike 0-1: SINGLE (Groundball, 6S) (infield hit) Carlos Miranda to second
|
Batting: SHB Rodney Birling
|
0-0: Fielders Choice at 2nd, 5-4 (Groundball, 5)
|
Top of the 2nd over - 0 run(s), 2 hit(s), 0 error(s), 1 left on base; Key West 0 - Wichita 4 |
BOTTOM OF THE 2ND |
Wichita Wranglers batting - Pitching for Key West Barracudas : LHP Luis Rodríguez
|
Batting: RHB James Stevens
|
0-0: Fly out, F8 (Flyball, 78M)
|
Batting: LHB Alfredo Sánchez
|
0-0: Ball 1-0: Called Strike 1-1: Swinging Strike 1-2: Ball 2-2: Ball 3-2: Ground out 4-3 (Groundball, 4)
|
Batting: RHB Tom Gordon
|
0-0: Ground out 6-3 (Groundball, 6)
|
Bottom of the 2nd over - 0 run(s), 0 hit(s), 0 error(s), 0 left on base; Key West 0 - Wichita 4 |
TOP OF THE 3RD |
Key West Barracudas batting - Pitching for Wichita Wranglers : LHP Fred Villa
|
Batting: RHB Carlos Bravo
|
0-0: Swinging Strike 0-1: Foul Ball, location: 2F 0-2: Ball 1-2: Foul Ball, location: 2F 1-2: Strikes out swinging
|
Batting: RHB Richard Sanders
|
0-0: Ball 1-0: Fly out, F7 (Flyball, 7)
|
Batting: SHB Héctor Padilla
|
0-0: Called Strike 0-1: Ball 1-1: SINGLE (Groundball, 6MD)
|
Batting: SHB Cory Campbell
|
0-0: Ball 1-0: Ball 2-0: Ball 3-0: Base on Balls Héctor Padilla to second
|
Batting: LHB Víctor Acevedo
|
0-0: Called Strike 0-1: Swinging Strike 0-2: Ball 1-2: Strikes out swinging
|
Top of the 3rd over - 0 run(s), 1 hit(s), 0 error(s), 2 left on base; Key West 0 - Wichita 4 |
BOTTOM OF THE 3RD |
Wichita Wranglers batting - Pitching for Key West Barracudas : LHP Luis Rodríguez
|
Batting: RHB José López
|
0-0: Called Strike 0-1: Ball 1-1: Ball 2-1: Ball 3-1: Called Strike 3-2: Ground out U3 (Groundball, 34S)
|
Batting: RHB Oliver Todd
|
0-0: Ball 1-0: Called Strike 1-1: Ground out 5-3 (Groundball, 56S)
|
Batting: LHB Richard Hinkle
|
0-0: Ball 1-0: Called Strike 1-1: Called Strike 1-2: SINGLE (Groundball, 4D)
|
Batting: RHB Rusty Bennett
|
0-0: Foul Ball, location: 2F 0-1: Swinging Strike 0-2: Strikes out looking
|
Bottom of the 3rd over - 0 run(s), 1 hit(s), 0 error(s), 1 left on base; Key West 0 - Wichita 4 |
TOP OF THE 4TH |
Key West Barracudas batting - Pitching for Wichita Wranglers : LHP Fred Villa
|
Batting: RHB Carlos Miranda
|
0-0: Swinging Strike 0-1: Ball 1-1: Fly out, F3 (Popup, 34)
|
Batting: LHB Daniel Byrd
|
0-0: Ball 1-0: Ground out 4-3 (Groundball, 4D)
|
Batting: RHB Dan Craft
|
0-0: Called Strike 0-1: Ground out 5-3 (Groundball, 56S)
|
Top of the 4th over - 0 run(s), 0 hit(s), 0 error(s), 0 left on base; Key West 0 - Wichita 4 |
BOTTOM OF THE 4TH |
Wichita Wranglers batting - Pitching for Key West Barracudas : LHP Luis Rodríguez
|
Batting: SHB Wayne Matthews
|
0-0: Called Strike 0-1: Hit by Pitch
|
Batting: RHB Jorge Barbosa
|
0-0: Ball 1-0: Foul Ball, location: 2F 1-1: Ball 2-1: Hit by Pitch Wayne Matthews to second
|
Batting: RHB James Stevens
|
0-0: Called Strike 0-1: Fly out, F9 (Flyball, 9S)
|
Batting: LHB Alfredo Sánchez
|
0-0: Ball 1-0: Fly out, F6 (Line Drive, 6M)
|
Pitching: RHP George Bennion
|
|
Batting: RHB Tom Gordon
|
0-0: Swinging Strike 0-1: Ball 1-1: Swinging Strike 1-2: Strikes out looking
|
Bottom of the 4th over - 0 run(s), 0 hit(s), 0 error(s), 2 left on base; Key West 0 - Wichita 4 |
TOP OF THE 5TH |
Key West Barracudas batting - Pitching for Wichita Wranglers : LHP Fred Villa
|
Batting: SHB Rodney Birling
|
0-0: Ball 1-0: SINGLE (Line Drive, 9S)
|
Batting: RHB Carlos Bravo
|
0-0: Ball 1-0: Foul Ball, location: 2F 1-1: Ball 2-1: Ball 3-1: Base on Balls Rodney Birling to second
|
Batting: RHB Richard Sanders
|
0-0: Ball 1-0: Foul Ball, location: 2F 1-1: Ball 2-1: Fielders Choice at 2nd, 6-4 (Groundball, 6) Rodney Birling to third
|
Batting: SHB Héctor Padilla
|
0-0: Called Strike 0-1: Ball 1-1: Ball 2-1: 3-RUN HOME RUN (Flyball, 89XD), Distance : 385 ft
|
Batting: SHB Cory Campbell
|
0-0: Foul Ball, location: 2F 0-1: SINGLE (Flyball, 9LS)
|
Batting: LHB Víctor Acevedo
|
0-0: Ball 1-0: Ball 2-0: Called Strike 2-1: Called Strike 2-2: Strikes out swinging
|
Batting: RHB Carlos Miranda
|
0-0: Ground out 5-3 (Groundball, 2L)
|
Top of the 5th over - 3 run(s), 3 hit(s), 0 error(s), 1 left on base; Key West 3 - Wichita 4 |
BOTTOM OF THE 5TH |
Wichita Wranglers batting - Pitching for Key West Barracudas : RHP George Bennion
|
Batting: RHB José López
|
0-0: Ball 1-0: Called Strike 1-1: Ball 2-1: Ball 3-1: Base on Balls
|
Batting: RHB Oliver Todd
|
0-0: Ball José López steals 2nd base 1-0: Fly out, F8 (Flyball, 8RS)
|
Batting: LHB Richard Hinkle
|
0-0: Called Strike José López is caught stealing 3rd base 0-1: Foul Ball, location: 2F 0-2: Ball 1-2: Ground out U3 (Groundball, 3)
|
Bottom of the 5th over - 0 run(s), 0 hit(s), 0 error(s), 0 left on base; Key West 3 - Wichita 4 |
TOP OF THE 6TH |
Key West Barracudas batting - Pitching for Wichita Wranglers : LHP Fred Villa
|
Batting: LHB Daniel Byrd
|
0-0: Ball 1-0: Foul Ball, location: 2F 1-1: Ball 2-1: SINGLE (Groundball, 4MD)
|
Batting: RHB Dan Craft
|
0-0: TRIPLE (Line Drive, 9LS) Daniel Byrd scores
|
Batting: SHB Rodney Birling
|
0-0: Ball 1-0: Foul Ball, location: 2F 1-1: Foul Ball, location: 2F 1-2: Foul Ball, location: 2F 1-2: Strikes out swinging
|
Batting: RHB Carlos Bravo
|
0-0: Called Strike 0-1: Swinging Strike 0-2: Ball 1-2: Ground out 5-3 (Groundball, 56S)
|
Pitching: RHP Luis Pérez
|
|
Batting: RHB Richard Sanders
|
0-0: Called Strike 0-1: Ball 1-1: Called Strike 1-2: Ball 2-2: Ball 3-2: Strikes out looking
|
Top of the 6th over - 1 run(s), 2 hit(s), 0 error(s), 1 left on base; Key West 4 - Wichita 4 |
BOTTOM OF THE 6TH |
Wichita Wranglers batting - Pitching for Key West Barracudas : RHP George Bennion
|
Batting: RHB Rusty Bennett
|
0-0: Foul Ball, location: 2F 0-1: Called Strike 0-2: Ball 1-2: Ball 2-2: Ball 3-2: Base on Balls
|
Batting: SHB Wayne Matthews
|
0-0: Foul Ball, location: 2F 0-1: Ball 1-1: Foul Ball, location: 2F 1-2: SINGLE (Flyball, 7S) Rusty Bennett to second
|
Batting: RHB Jorge Barbosa
|
0-0: Ball 1-0: Called Strike 1-1: Swinging Strike 1-2: Strikes out swinging
|
Batting: RHB James Stevens
|
0-0: Ball 1-0: Ball 2-0: Ball 3-0: Base on Balls Rusty Bennett to third Wayne Matthews to second
|
Batting: LHB Alfredo Sánchez
|
0-0: Called Strike 0-1: Called Strike 0-2: Fly out, F7 (Flyball, 7LS) Runner from 3rd tags up, SCORES, throw made
|
Batting: RHB Tom Gordon
|
0-0: Called Strike 0-1: Ball 1-1: Fielders Choice at 2nd, 6-4 (Groundball, 6)
|
Bottom of the 6th over - 1 run(s), 1 hit(s), 0 error(s), 1 left on base; Key West 4 - Wichita 5 |
TOP OF THE 7TH |
Key West Barracudas batting - Pitching for Wichita Wranglers : RHP Luis Pérez
|
Batting: SHB Héctor Padilla
|
0-0: Foul Ball, location: 2F 0-1: Foul Ball, location: 2F 0-2: Ball 1-2: SINGLE (Flyball, 89M)
|
Batting: SHB Cory Campbell
|
0-0: Called Strike 0-1: Ball 1-1: Ball 2-1: Foul Ball, location: 2F 2-2: Ball 3-2: Foul Ball, location: 2F 3-2: Strikes out swinging Héctor Padilla steals 2nd base Batter strikes out.
|
Pinch Hitting: LHB Carter Sweet
|
0-0: Called Strike 0-1: Ground out 1-3 (Groundball, P) Héctor Padilla to third
|
Pinch Hitting: SHB Jacob Knapp
|
0-0: Swinging Strike 0-1: Ball 1-1: Called Strike 1-2: Foul Ball, location: 2F 1-2: Strikes out swinging
|
Top of the 7th over - 0 run(s), 1 hit(s), 0 error(s), 1 left on base; Key West 4 - Wichita 5 |
BOTTOM OF THE 7TH |
Wichita Wranglers batting - Pitching for Key West Barracudas : RHP George Bennion
|
Now in CF: Jacob Knapp
|
|
Now in RF: Motoki Hirata
|
|
Batting: RHB José López
|
0-0: Called Strike 0-1: Swinging Strike 0-2: Foul Ball, location: 2F 0-2: Strikes out looking
|
Batting: RHB Oliver Todd
|
0-0: Swinging Strike 0-1: SINGLE (Line Drive, 5D)
|
Batting: LHB Richard Hinkle
|
0-0: SINGLE (Groundball, 5D) Oliver Todd to second
|
Batting: RHB Rusty Bennett
|
0-0: Fly out, F4 (Line Drive, 4M)
|
Pitching: RHP Gabe Lewis
|
|
Batting: SHB Wayne Matthews
|
0-0: Called Strike 0-1: Ball 1-1: Ground out U3 (Groundball, 34)
|
Bottom of the 7th over - 0 run(s), 2 hit(s), 0 error(s), 2 left on base; Key West 4 - Wichita 5 |
TOP OF THE 8TH |
Key West Barracudas batting - Pitching for Wichita Wranglers : RHP Luis Pérez
|
Batting: LHB Daniel Byrd
|
0-0: Ball 1-0: Fly out, F8 (Flyball, 8RM)
|
Batting: RHB Dan Craft
|
0-0: SINGLE (Flyball, 8RS)
|
Pinch Hitting: RHB Domingo Hernández
|
0-0: Ball 1-0: Ball 2-0: SINGLE (Flyball, 78S) Dan Craft to second
|
Batting: RHB Carlos Bravo
|
0-0: Fly out, F9 (Flyball, 9S)
|
Pinch Hitting: RHB Gary Duffy
|
0-0: Ball 1-0: Ball 2-0: Ball 3-0: Called Strike 3-1: Base on Balls Dan Craft to third Domingo Hernández to second
|
Batting: SHB Héctor Padilla
|
0-0: Ball 1-0: Called Strike 1-1: Foul Ball, location: 2F 1-2: Ball 2-2: GRAND SLAM HOME RUN (Flyball, 9D), Distance : 372 ft
|
Batting: SHB Cory Campbell
|
0-0: Foul Ball, location: 2F 0-1: Called Strike 0-2: Foul Ball, location: 2F 0-2: Ground out 5-3 (Groundball, 5)
|
Top of the 8th over - 4 run(s), 3 hit(s), 0 error(s), 0 left on base; Key West 8 - Wichita 5 |
BOTTOM OF THE 8TH |
Wichita Wranglers batting - Pitching for Key West Barracudas : RHP Gabe Lewis
|
Now at 2B: Luis Manuel López
|
|
Now at SS: César Osequedo
|
|
Batting: RHB Jorge Barbosa
|
0-0: Ball 1-0: Ball 2-0: Foul Ball, location: 2F 2-1: Swinging Strike 2-2: Foul Ball, location: 2F 2-2: Strikes out swinging
|
Batting: RHB James Stevens
|
0-0: Fly out, F8 (Flyball, 78D)
|
Batting: LHB Alfredo Sánchez
|
0-0: Ball 1-0: Ball 2-0: Ball 3-0: Fly out, F7 (Flyball, 7)
|
Bottom of the 8th over - 0 run(s), 0 hit(s), 0 error(s), 0 left on base; Key West 8 - Wichita 5 |
TOP OF THE 9TH |
Key West Barracudas batting - Pitching for Wichita Wranglers : RHP Luis Pérez
|
Pitching: RHP Carlos Gabriel
|
|
Batting: LHB Motoki Hirata
|
0-0: Swinging Strike 0-1: Swinging Strike 0-2: Foul Ball, location: 2F 0-2: Ball 1-2: Strikes out looking
|
Batting: SHB Jacob Knapp
|
0-0: Swinging Strike 0-1: Foul Ball, location: 2F 0-2: Strikes out looking
|
Batting: LHB Daniel Byrd
|
0-0: Ball 1-0: Ball 2-0: Called Strike 2-1: Foul Ball, location: 2F 2-2: Foul Ball, location: 2F 2-2: Foul Ball, location: 2F 2-2: Foul Ball, location: 2F 2-2: Strikes out looking
|
Top of the 9th over - 0 run(s), 0 hit(s), 0 error(s), 0 left on base; Key West 8 - Wichita 5 |
BOTTOM OF THE 9TH |
Wichita Wranglers batting - Pitching for Key West Barracudas : RHP Gabe Lewis
|
Pitching: RHP Mathew Wilcox
|
|
Batting: RHB Tom Gordon
|
0-0: Called Strike 0-1: Ball 1-1: Foul Ball, location: 2F 1-2: SINGLE (Groundball, 4D)
|
Batting: RHB José López
|
0-0: Ball 1-0: SINGLE (Line Drive, 6M) Tom Gordon to second
|
Batting: RHB Oliver Todd
|
0-0: Ball 1-0: Foul Ball, location: 2F 1-1: Swinging Strike 1-2: Ball 2-2: Strikes out looking
|
Batting: LHB Richard Hinkle
|
0-0: Ball Wild Pitch! Tom Gordon to third José López to second 1-0: Swinging Strike 1-1: Foul Ball, location: 2F 1-2: Foul Ball, location: 2F 1-2: DOUBLE (Line Drive, 7LM) Tom Gordon scores José López scores
|
Pitching: RHP Dennis Grange
|
|
Pinch Runner at 2nd José Hernández:
|
|
Batting: RHB Rusty Bennett
|
0-0: Ball 1-0: Called Strike 1-1: Ball 2-1: Ball 3-1: Base on Balls
|
Batting: SHB Wayne Matthews
|
0-0: SINGLE (Groundball, 4D) José Hernández to third Rusty Bennett to second Runner from 3rd tries for Home, SAFE, throw made home Rusty Bennett to third Wayne Matthews to second
|
Batting: RHB Jorge Barbosa
|
0-0: Intentional Walk
|
Batting: RHB James Stevens
|
0-0: Called Strike 0-1: Foul Ball, location: 2F 0-2: Ball 1-2: Strikes out swinging
|
Batting: LHB Alfredo Sánchez
|
0-0: Swinging Strike 0-1: Ball 1-1: SINGLE (Flyball, 9S) Rusty Bennett scores
|
Thursday, March 30th, 2017 - OOTP Baseball 17.12 Build 75
|
|